cohdb
Replays
Latest Replays
All Replays
Popular Replays
Top Player Replays
Match Explorer
How It Works
Community
CoH3 Stats
Reddit
Sign in to upload your games and track your stats! →
Sign in with Steam
Match 41222693
Unlisted
Match 41222693
Overview
Messages
Build Orders
End
Construct Infanterie Kompanie
Grenadier Squad
Grenadier Squad
Pioneer Squad
Grenadier Squad
Construct Luftwaffe Kompanie
Selects Breakthrough Battlegroup
Selects Assault Grenadiers
221 Scout Car
Medical Bunker
Grenadier Squad
Jäger Squad
Selects Smoke Bombing Run
Selects Mechanized Assault Group
Support Elements
Selects Rapid Production
Mechanized Assault Group
Infanterie Officer Quarters
Wirbelwind Flakpanzer
Selects Blitzkrieg
Construct Panzer Kompanie
Stoßtruppen Squad
Sturmpanzer IV Brummbär
Panzer Officer Quarters
Stoßtruppen Squad
Pioneer Squad
Sturmpanzer IV Brummbär
Jäger Squad
Selects Tiger Heavy Tank
Dromaeda
Goliath
frostie
The Major General
Boy with Snapple
Dremel
0
0
Comments
sign in to comment!
No comments posted yet!